AoeStats
← bumbsbomba74

Oasis

510159168Analyzed
4v4 RM · 3d ago on Sep 29, 2026· 34m 7s· 8 players
Game mode
Random Map
Map size
Large (8 player)
Population
200
Speed
Normal
Resources
Standard
Victory
Conquest
Starting age
Dark Age
Ending age
Imperial Age
RankedLock teamsTeams togetherTeam positionsShared explorationLock speedFull tech treeHidden civsTurbo modeCheats
Victory
Defeat
🇬🇧 Hindustanis · United Kingdom
1245
+13
1239
+13
🇩🇪 Teutons · Germany
1233
+14
🇩🇪 Burgundians · Germany
1187
+16
🇯🇵 Burmese · Japan
1260
-17
🇲🇽 Khmer · Mexico
1163
-13
🇪🇸 Muisca · Spain
1153
-13
🇩🇪 Sicilians · Germany
1149
-13
bumbsbomba74
6:04 Loom
9:18 Feudal Age
7:54 Double-Bit Axe
9:20 Horse Collar
10:57 Horse Collar
12:55 Bow Saw
20:29 Castle Age
19:02 Forging
19:40 Scale Barding Armor
20:33 Light Cavalry
21:35 Chain Barding Armor
23:22 Gold Mining
24:45 Sanctity
27:04 Redemption
27:33 Gold Shaft Mining
27:59 Gold Shaft Mining
28:22 Sanctity
33:23 Two-Man Saw
35:09 Imperial Age
34:17 Heavy Plow
SimCity2000
10:12 Feudal Age
14:00 Castle Age
12:03 Double-Bit Axe
12:37 Loom
12:55 Horse Collar
15:22 Bow Saw
19:31 Wheelbarrow
19:01 Heavy Plow
20:29 Gold Mining
21:17 Fletching
21:30 Padded Archer Armor
24:17 Gold Shaft Mining
25:01 Bloodlines
25:35 Thumb Ring
29:20 Imperial Age
27:25 Bodkin Arrow
27:45 Leather Archer Armor
28:28 Ballistics
28:54 Leather Archer Armor
30:37 Bracer
31:39 Chemistry
30:08 Heavy Cavalry Archer
follow the white rabbit Δ
2:08 Loom
13:37 Feudal Age
15:59 Horse Collar
16:05 Double-Bit Axe
21:24 Castle Age
19:16 Fletching
19:26 Padded Archer Armor
24:44 Bodkin Arrow
24:45 Gold Mining
27:37 Wheelbarrow
28:36 Ballistics
Tada
9:25 Feudal Age
10:11 Double-Bit Axe
10:08 Horse Collar
11:08 Loom
19:49 Castle Age
17:54 Gold Mining
18:30 Scale Barding Armor
19:21 Bloodlines
20:21 Wheelbarrow
20:10 Forging
23:56 Hand Cart
24:57 Chain Barding Armor
25:13 Iron Casting
28:29 Heavy Plow
Maninthemiddle
7:45 Loom
9:52 Feudal Age
12:57 Horse Collar
13:05 Double-Bit Axe
17:51 Castle Age
16:31 Gold Mining
19:30 Stone Mining
22:41 Pikeman
23:25 Scale Mail Armor
29:45 Fletching
31:42 Bodkin Arrow
Note1984
10:07 Feudal Age
10:27 Champi Runner
10:56 Horse Collar
11:05 Double-Bit Axe
14:45 Scale Mail Armor
KJI
0:40 Loom
9:50 Feudal Age
12:18 Man-at-Arms
15:21 Horse Collar
22:01 Castle Age
20:31 Fletching
21:04 Scale Mail Armor
22:38 Stone Mining
22:10 Pikeman
24:26 Gold Mining
27:32 Padded Archer Armor
28:09 Wheelbarrow
Kotovsk
11:31 Feudal Age
15:53 Castle Age
17:01 Loom
18:46 Horse Collar
20:52 Wheelbarrow
20:07 Double-Bit Axe
24:01 Gold Mining
24:26 Bow Saw
24:29 Heavy Plow
26:59 Wheelbarrow
29:11 Hand Cart
29:01 Pikeman
30:48 Scale Mail Armor
33:51 Fletching
34:31 Bodkin Arrow
Connection lost

Rejoining the realm…

Still unreachable

The connection could not be restored.

Session expired

The server has moved on; the page needs a fresh start.